 Dungeon Crawl Stone Soup version 0.24.0-7-gb3623d2c88 (webtiles) character file.

Game seed: 16442571274157017549, levelgen mode: deterministic

47571 Iskender the Devastator (level 14, -1/83 HPs)
             Began as an Octopode Chaos Knight on Nov 1, 2019.
             Was a Plaything of Xom.
             Slain by a black mamba (3 damage)
             ... while petrified by a basilisk
             ... on level 6 of the Lair of Beasts on Nov 2, 2019.
             The game lasted 03:58:58 (23248 turns).

Iskender the Devastator (Octopode Chaos Knight)    Turns: 23248, Time: 03:59:00

Health: -1/83      AC: 11    Str: 12    XL:     14   Next: 42%
Magic:  32/44      EV:  2    Int: 22    God:    Xom [*.....]
Gold:   685        SH:  0    Dex: 20    Spells: 6/29 levels left

rFire    . . .     SeeInvis .   a - +4 hunting sling of Greatest Utility {flame, rC++ Int+4}
rCold    + + .     Gourm    .   p - +0 buckler
rNeg     + + +     Faith    .   (helmet restricted)
rPois    ∞         Spirit   .   l - +4 amulet of reflection
rElec    .         Reflect  +   k - +3 ring of evasion
rCorr    .         Harm     .   q - ring of magical power
MR       +....     Rnd*Tele +   O - ring of magical power
Stlth    +++++++...             n - ring of stealth
HPRegen  0.23/turn              t - +2 ring of protection
MPRegen  0.29/turn              U - +5 ring of dexterity
                                N - +3 ring of protection
                                Q - ring "Rapeojat" {rPois Dex+3}

@: petrified, very slightly contaminated
A: almost no armour, stealthy swim, amphibious, 8 rings, constrict 8, molten
scales 1, slimy green scales 1, camouflage 1, blurry vision 1, shaggy fur 1,
teleportitis 2, gelatinous body 1, subdued magic 1
a: Renounce Religion


You were on level 6 of the Lair of Beasts.
You worshipped Xom.
You were a special plaything of Xom.
You were not hungry.

You visited 4 branches of the dungeon, and saw 21 of its levels.

You collected 1335 gold pieces.
You spent 650 gold pieces at shops.

Inventory:

Hand Weapons
 a - the +4 hunting sling of Greatest Utility (weapon) {flame, rC++ Int+4}
   (You found it on level 6 of the Lair of Beasts)

   It causes projectiles fired from it to burn those they strike, causing extra
   injury to most foes and up to half again as much damage against particularly
   susceptible opponents.
   It affects your intelligence (+4).
   It greatly protects you from cold.
 A - the +7 captain's cutlass {speed, disarm}
   (You found it on level 10 of the Dungeon)

   Attacks with this weapon are significantly faster.
 V - a +2 trident of venom
Missiles
 y - 7 datura-tipped darts (quivered)
 H - 26 curare-tipped darts
 P - 5 throwing nets
Armour
 p - a +0 buckler (worn)
Magical Staves
 b - an uncursed staff of power
 B - an uncursed staff of earth
 T - an uncursed staff of cold
Jewellery
 c - the ring "Efoagg" {rPois rC+}
   (You found it on level 6 of the Lair of Beasts)

   [ring of protection from cold]

   It protects you from cold.
   It protects you from poison.
 e - the ring of Luxituus {rElec rN+ Str+5 Int-5 Dex+8}
   (Xom gifted it to you on level 5 of the Dungeon)

   [ring of positive energy]

   It affects your strength (+5).
   It affects your intelligence (-5).
   It affects your dexterity (+8).
   It insulates you from electricity.
   It protects you from negative energy.
 j - an uncursed ring of flight
 k - a +3 ring of evasion (left tentacle)
 l - a +4 amulet of reflection (around mantle)
 n - a ring of stealth (on tentacle)
 q - a ring of magical power (right tentacle)
 t - a +2 ring of protection (on tentacle)
 G - an uncursed ring of positive energy
 L - an uncursed ring of protection from cold
 N - a +3 ring of protection (on tentacle)
 O - a ring of magical power (on tentacle)
 Q - the ring "Rapeojat" (on tentacle) {rPois Dex+3}
   (You found it on level 10 of the Dungeon)

   [ring of poison resistance]

   It affects your dexterity (+3).
   It protects you from poison.
 R - an uncursed ring of see invisible
 U - a +5 ring of dexterity (on tentacle)
Wands
 f - a wand of acid (20)
 g - a wand of enslavement (12)
 J - a wand of digging (11)
 K - a wand of clouds (12)
 X - a wand of iceblast (12)
Scrolls
 d - 2 scrolls of teleportation
 m - 6 scrolls of amnesia
 u - 8 scrolls of fear
 x - a scroll of blinking {unknown}
 z - 2 scrolls of magic mapping
 D - 8 scrolls of remove curse
 M - 2 scrolls of torment
 S - 3 scrolls of fog
 Y - 2 scrolls of enchant armour
 Z - 3 scrolls of immolation
Potions
 h - 5 potions of brilliance
 o - 4 potions of flight
 r - a potion of magic
 s - 2 potions of cancellation
 v - 6 potions of agility
 w - 5 potions of curing
 C - a potion of haste
 E - 6 potions of resistance
 F - 2 potions of heal wounds
Miscellaneous
 W - a lamp of fire
Comestibles
 I - 26 rations


   Skills:
 - Level 3.0 Fighting
 - Level 3.1 Short Blades
 - Level 3.0 Polearms
 - Level 7.1 Dodging
 - Level 12.1 Stealth
 - Level 4.0 Shields
 - Level 8.0 Spellcasting
 + Level 16.0 Conjurations
 - Level 2.8 Charms
 - Level 1.6 Fire Magic
 - Level 10.0 Earth Magic


You had 6 spell levels left.
You knew the following spells:

 Your Spells              Type           Power        Failure   Level  Hunger
a - Magic Dart            Conj           ####         0%          1    None
b - Call Imp              Summ           #.......     9%          2    None
d - Conjure Flame         Conj/Fire      #####...     1%          3    None
e - Iskenderun's Battles  Conj/Chrm      #####...     3%          5    #####..
n - Animate Skeleton      Necr           N/A          6%          1    None
q - Iron Shot             Conj/Erth      ######....   4%          6    ######.
v - Blink                 Tloc           N/A          9%          2    None
C - Mephitic Cloud        Conj/Pois/Air  ###.....     1%          3    None

Your spell library contained the following spells:

 Spells                   Type           Power        Failure   Level  Hunger
 Sting                    Conj/Pois      ####         1%          1    None
 Bolt of Magma            Conj/Fire/Erth #####.....   3%          5    #####..
 Apportation              Tloc           #.....       6%          1    None
 Confusing Touch          Hex            #.....       6%          1    None
 Summon Small Mammal      Summ           #...         6%          1    None
 Venom Bolt               Conj/Pois      ####......   6%          5    #####..
 Poisonous Vapours        Pois/Air       #.....       9%          2    None
 Slow                     Hex            #.......     9%          2    None
 Olgreb's Toxic Radiance  Pois           #.......     54%         4    ###....
 Orb of Destruction       Conj           ######....   7%          7    #######
 Spellforged Servitor     Conj/Summ      ####......   91%         7    #######


Dungeon Overview and Level Annotations

Branches:
Dungeon (13/15)            Temple (1/1) D:6            Lair (6/6) D:11
 Shoals (0/4) Lair:3       Spider (0/4) Lair:3        Slime (0/5) Lair:6
    Orc (1/2) D:11
 Vaults: D:13-14

Altars:
Ashenzari
Cheibriados
Dithmenos
Elyvilon
Fedhas
Gozag
Hepliaklqana
Kikubaaqudgha
Makhleb
Nemelex Xobeh
Okawaru
Qazlal
Ru
Sif Muna
Trog
Uskayaw
Vehumet
Wu Jian
Xom
Yredelemnul
Zin
The Shining One
Beogh
Jiyva

Shops:
D:4 :

Annotations:
D:7 1 transporter, HangedMan's ghost, novice OpWz
D:9 Psyche
D:10 cyclops, Harold
D:12 exclusion: orange crystal statue
D:13 exclusion: door
Lair:1 exclusion: oklob plant
Lair:3 2 transporters, wand of digging, Mandevil's ghost, journeyman DgFE
Lair:5 !, Rupert; Snorg
Lair:6 1 runed translucent door


Innate Abilities, Weirdness & Mutations

You cannot wear most types of armour.
You are very stealthy in the water. (Stealth+)
You are amphibious.
You can wear up to eight rings at the same time.
You can use your tentacles to constrict eight enemies at once.
Your skin changes colour to match your surroundings (Stealth+).
Your rubbery body absorbs attacks. (AC +1, EV +1)
You are partially covered in molten scales. (AC +2)
You are partially covered in slimy green scales. (AC +2)
Scrolls take you a little longer to read.
You are covered in fur. (AC +1)
You are sometimes teleported next to monsters.
Your spells are a little easier to cast, but a little less powerful.


Message History

You hear an angry hiss.
The black mamba bites you. The black mamba bites you! The basilisk bites you!!
* * * LOW HITPOINT WARNING * * *
"Serve the toy, my child!"
You are now a special plaything of Xom.
The black mamba bites you but does no damage.
The basilisk bites you!
* * * LOW HITPOINT WARNING * * *
The black mamba bites you.
* * * LOW HITPOINT WARNING * * *
The black mamba bites you!
* * * LOW HITPOINT WARNING * * *
The basilisk bites you but does no damage.
The black mamba completely misses you. The black mamba bites you!
* * * LOW HITPOINT WARNING * * *
The basilisk bites you.
* * * LOW HITPOINT WARNING * * *
The black mamba bites you!
You die...
Xom cackles wildly!

##.........#8#####
##...P÷...#
##8..........## ≈#
##........
≈.....†.#....8# ##≈≈
#.#..##..#
≈≈#.....#.....## #≈≈≈
###..#####
≈≈##....≈#_...8##≈≈##
#..##.#
#####...≈§§_.###≈≈≈§§
##.#..##
###≈≈§§#..#§§≈#
#...#.#
≈≈§≈≈§§≈≈..≈##
##....#
######§§§#.5@# ##....
#...$##≈§###Sl..#
####. #... $ #§≈#
.l__.8# ## +...
#§≈≈......## #.
≈≈≈*...._.# ## ≈ .)!
≈≈≈........# .§ ## .)
≈§..........≈ ..≈.#
####§##.........≈≈
..≈≈ ≈§≈≈§


You could see a black mamba, 2 basilisks, a friendly iron imp and a friendly
battlesphere.

Vanquished Creatures
  6 hydras
  A catoblepas (Lair:4)
  3 two-headed ogres
  2 death yaks (D:11)
  Sonja (D:12)
  An unseen horror (shapeshifter) (D:13)
  2 unseen horrors
  2 manticores
  An ugly thing (D:10)
  A moth of wrath (shapeshifter) (D:10)
  Joseph (D:8)
  4 black mambas
  4 spiny frogs
  3 gargoyles (D:12)
  2 kobold demonologists
  10 komodo dragons
  2 rime drakes (Lair:4)
  A harpy zombie (D:13)
  A troll (D:12)
  2 hornets
  A jumping spider (Lair:3)
  A wind drake (Lair:6)
  20 blink frogs
  10 hippogriffs
  3 redbacks (Lair:3)
  2 shadows (D:13)
  A wyvern (Lair:6)
  30 yaks
  5 basilisks
  A golden eye (shapeshifter) (D:11)
  2 wraiths
  A hog (shapeshifter) (D:4)
  A steam dragon (D:12)
  A golden eye (D:11)
  4 vampire mosquitoes (D:13)
  A hungry ghost (D:13)
  A warg (D:11)
  An acid dragon (D:11)
  Duvessa (D:5)
  5 hell hounds (Lair:6)
  7 porcupines
  9 water moccasins
  4 ice beasts
  7 orc warriors
  5 sky beasts
  4 black bears
  An eye of draining (D:12)
  A phantom (D:4)
  3 ogres
  12 wolves
  7 centaurs
  15 crocodiles
  6 big kobolds
  A gnoll sergeant (D:7)
  Blork the orc (D:6)
  14 bullfrogs
  A wyvern zombie (D:13)
  Dowan (D:5)
  A water moccasin zombie (D:9)
  A water moccasin skeleton (D:12)
  A wyvern skeleton (D:10)
  3 scorpions (D:4)
  13 killer bees
  11 wights
  An electric eel (Lair:4)
  6 howler monkeys
  7 crimson imps
  A lava snake (Lair:6)
  2 quasits
  4 bullfrog zombies
  2 centaur zombies
  6 hounds
  2 jellies
  13 orc priests
  Crazy Yiuf (D:3)
  2 centaur skeletons
  5 iguanas
  Jessica (D:3)
  11 orc wizards
  7 worker ants
  A killer bee zombie (D:9)
  A howler monkey zombie (D:8)
  A worker ant zombie (D:6)
  A howler monkey skeleton (D:7)
  20 adders
  4 gnolls (D:7)
  A river rat (D:11)
  4 shadow imps
  A white imp (D:7)
  An adder skeleton (D:8)
  4 worms
  2 dart slugs
  2 leopard geckos
  63 orcs
  6 bats
  5 giant cockroaches
  9 goblins
  10 hobgoblins
  9 jackals
  29 kobolds
  6 quokkas
  2 ball pythons (D:2)
  2 frilled lizards
  A jackal skeleton (D:8)
  A jackal zombie (D:5)
  2 quokka skeletons
  A quokka zombie (D:7)
  16 rats
  A butterfly (D:6)
  A plant (Lair:3)
549 creatures vanquished.

Vanquished Creatures (collateral kills)
  Josephine (D:10)
  A gargoyle (D:10)
  2 blink frogs (Lair:5)
  A wraith (D:10)
  A water moccasin (D:10)
  A phantom (D:5)
  An ice beast (D:5)
  2 wolves (Lair:5)
  A frilled lizard (D:4)
  A kobold (D:10)
12 creatures vanquished.

Vanquished Creatures (others)
  A cyclops (D:11)
  Grinder (D:6)
  A blink frog (Lair:4)
  A kobold (D:12)
  5 fungi
  2 plants (Lair:4)
11 creatures vanquished.

Grand Total: 572 creatures vanquished

Notes
Turn   | Place    | Note
-------+----------+-------------------------------------------
     0 | D:1      | Iskender the Octopode Chaos Knight began the quest for the
                  | Orb.
     0 | D:1      | Reached XP level 1. HP: 16/16 MP: 1/1
    31 | D:1      | Reached skill level 1 in Stealth
    60 | D:1      | Reached XP level 2. HP: 18/21 MP: 2/2
   652 | D:2      | Reached XP level 3. HP: 26/26 MP: 3/3
   920 | D:2      | Reached skill level 1 in Shields
  1068 | D:2      | Reached XP level 4. HP: 31/31 MP: 4/4
  1126 | D:2      | XOM: smoke on damage
  1553 | D:2      | XOM: harmless Air miscast
  1825 | D:3      | Reached XP level 5. HP: 35/36 MP: 5/5
  1825 | D:3      | XOM: potion effect (brilliance)
  2002 | D:3      | XOM: harmless Hex miscast
  2018 | D:3      | Noticed Jessica
  2182 | D:3      | XOM: divination: detect creatures
  2184 | D:3      | XOM: butterfly on damage
  2232 | D:3      | XOM: divination: detect creatures
  2337 | D:3      | XOM: harmless Air miscast
  2436 | D:3      | Found a runed translucent door.
  2939 | D:3      | Noticed Crazy Yiuf
  3225 | D:4      | Reached XP level 6. HP: 42/42 MP: 6/6
  3263 | D:4      | Noticed a phantom
  3267 | D:4      | XOM: potion effect (haste)
  3270 | D:4      | XOM: harmless Necr miscast
  3273 | D:4      | XOM: summons 3 friendly demons
  3337 | D:4      | Killed a phantom
  3694 | D:4      | Noticed a water moccasin
  3722 | D:4      | XOM: enchant monster (good)
  3804 | D:4      | Reached skill level 5 in Dodging
  3804 | D:4      | Reached XP level 7. HP: 42/46 MP: 7/7
  3914 | D:4      | Found an ancient bone altar of Kikubaaqudgha.
  4096 | D:4      | XOM: scenery: create altars
  4100 | D:4      | XOM: divination: detect creatures
  4122 | D:4      | Noticed a shapeshifter
  4122 | D:4      | an ooze changed into a shapeshifter
  4122 | D:4      | XOM: polymorph ooze -> shapeshifter
  4122 | D:4      | Noticed a hippogriff
  4122 | D:4      | a shapeshifter changed into a hippogriff
  4123 | D:4      | XOM: summons 6 friendly demons
  4128 | D:4      | a hippogriff changed into something unseen
  4129 | D:4      | XOM: harmless Tloc miscast
  4142 | D:4      | Noticed a troll
  4143 | D:4      | Noticed a jumping spider
  4143 | D:4      | a troll changed into a jumping spider
  4145 | D:4      | Noticed a shapeshifter
  4145 | D:4      | a jumping spider changed into a shapeshifter
  4145 | D:4      | XOM: polymorph jumping spider -> shapeshifter
  4145 | D:4      | Noticed a troll
  4145 | D:4      | a shapeshifter changed into a troll
  4170 | D:4      | XOM: summons friendly shadow imp
  4208 | D:4      | XOM: scenery: create altars
  4262 | D:4      | Noticed a hog
  4273 | D:4      | Killed a hog
  4427 | D:4      | Found Pethril's Book Shop.
  4482 | D:4      | XOM: cloud trail
  4542 | D:5      | Entered Level 5 of the Dungeon
  4604 | D:5      | XOM: god gift: ring mail {god gift}
  4618 | D:5      | Reached XP level 8. HP: 51/52 MP: 9/9
  4729 | D:5      | Found a blossoming altar of Fedhas.
  4764 | D:5      | XOM: god gift: vibrating lapis lazuli ring {god gift}
  4765 | D:5      | Got a vibrating lapis lazuli ring {god gift}
  4766 | D:5      | Identified the ring of Luxituus {rElec rN+ Str+5 Int-5
                  | Dex+8} (Xom gifted it to you on level 5 of the Dungeon)
  4784 | D:5      | XOM: polymorph sky beast -> worm
  4786 | D:5      | XOM: scenery: create altars
  5030 | D:5      | XOM: fog
  5039 | D:5      | XOM: summons 8 friendly demons
  5046 | D:5      | Reached skill level 1 in Spellcasting
  5233 | D:5      | Noticed Dowan
  5233 | D:5      | Noticed Duvessa
  5291 | D:4      | XOM: scenery: create altars
  5338 | D:4      | Bought a book of Minor Magic for 200 gold pieces
  5340 | D:4      | Learned a level 1 spell: Magic Dart
  5343 | D:4      | Learned a level 2 spell: Blink
  5347 | D:4      | Learned a level 3 spell: Conjure Flame
  5351 | D:4      | Learned a level 3 spell: Mephitic Cloud
  5354 | D:4      | Learned a level 2 spell: Call Imp
  5433 | D:5      | XOM: scenery: create altars
  5436 | D:5      | XOM: divination: detect creatures
  5680 | D:6      | Noticed Grinder
  5794 | D:3      | Killed Jessica
  5796 | D:3      | Found a shimmering blue altar of Sif Muna.
  5903 | D:3      | Killed Crazy Yiuf
  5903 | D:3      | Reached skill level 1 in Conjurations
  5903 | D:3      | Reached skill level 1 in Fire Magic
  5985 | D:5      | XOM: cleaving
  6203 | D:6      | Found a staircase to the Ecumenical Temple.
  6220 | Temple   | Entered the Ecumenical Temple
  6327 | Temple   | XOM: cloud trail
  6525 | D:6      | Reached skill level 2 in Conjurations
  6590 | D:6      | XOM: 3-stop teleportation journey
  6591 | D:6      | Noticed Blork the orc
  6608 | D:7      | Found a flagged portal.
  6647 | D:6      | Reached skill level 3 in Conjurations
  6883 | D:6      | XOM: 1-stop teleportation journey
  7085 | D:7      | XOM: 5-stop teleportation journey
  7129 | D:7      | XOM: butterfly on damage
  7137 | D:7      | Reached skill level 4 in Conjurations
  7154 | D:7      | Reached XP level 9. HP: 26/56 MP: 12/12
  7186 | D:7      | XOM: polymorph crimson imp -> white imp
  7195 | D:7      | Reached skill level 5 in Conjurations
  7218 | D:7      | XOM: divination: magic mapping
  7336 | D:7      | XOM: cleaving
  7355 | D:7      | Reached skill level 6 in Conjurations
  7698 | D:7      | XOM: harmless Tmut miscast
  7717 | D:7      | Reached skill level 7 in Conjurations
  7895 | D:7      | Found an ornate altar of the Wu Jian Council.
  7895 | D:7      | Found a glowing silver altar of Zin.
  7948 | D:7      | Found a transporter.
  7952 | D:7      | Found a transporter.
  7953 | D:7      | Noticed HangedMan's ghost (novice OpWz)
  8157 | D:8      | Noticed Joseph
  8191 | D:8      | XOM: harmless Ice miscast
  8211 | D:8      | XOM: fog
  8228 | D:8      | XOM: scenery: create altars
  8361 | D:8      | XOM: enchant monster (good)
  8526 | D:8      | Noticed a two-headed ogre
  8559 | D:8      | XOM: enchant monster (bad)
  8561 | D:8      | Killed a two-headed ogre
  8561 | D:8      | Reached skill level 8 in Conjurations
  8561 | D:8      | Reached XP level 10. HP: 63/63 MP: 11/13
  8775 | D:8      | XOM: divination: detect creatures
  8843 | D:8      | XOM: summons friendly neqoxec
  8857 | D:8      | Reached skill level 9 in Conjurations
  8866 | D:8      | XOM: give mutations
  8866 | D:8      | Gained mutation: You expend magic power (3 MP) to
                  | strengthen your wands. [Xom's grace]
  8866 | D:8      | Gained mutation: You are resistant to hostile enchantments.
                  | (MR+) [Xom's grace]
  9160 | D:9      | XOM: god gift: 7 datura-tipped darts
  9296 | D:9      | Reached skill level 10 in Conjurations
  9296 | D:9      | XOM: enchant monster (bad)
  9463 | D:9      | XOM: mild Tloc miscast
  9481 | D:9      | Found an opulent altar of Gozag.
  9500 | D:9      | XOM: enchant monster (bad)
  9577 | D:9      | Noticed Psyche
  9622 | D:9      | Reached skill level 11 in Conjurations
  9627 | D:9      | XOM: cast spell 'Leda's Liquefaction'
  9760 | D:10     | Entered Level 10 of the Dungeon
  9760 | D:10     | Found an opulent altar of Gozag.
  9760 | D:10     | Found a glowing silver altar of Zin.
  9769 | D:10     | Found a glowing silver altar of Zin.
  9769 | D:10     | Found an ornate altar of the Wu Jian Council.
  9807 | D:10     | XOM: cast spell 'Ring of Flames'
  9816 | D:10     | Reached skill level 10 in Stealth
 10002 | D:10     | XOM: scenery: create altars
 10047 | D:10     | XOM: enchant monster (good)
 10049 | D:10     | Reached XP level 11. HP: 56/67 MP: 14/14
 10054 | D:10     | XOM: summons friendly shadow imp
 10068 | D:10     | Noticed a cyclops
 10096 | D:10     | Noticed a white ugly thing
 10107 | D:10     | Killed a white ugly thing
 10116 | D:10     | XOM: fog
 10239 | D:10     | Noticed a lindwurm
 10279 | D:11     | XOM: god gift: 12 stones
 10356 | D:11     | XOM: scenery: create altars
 10424 | D:11     | XOM: god gift: wand of enslavement (9)
 10450 | D:11     | XOM: 2-stop teleportation journey
 10464 | D:11     | Noticed a death yak
 10464 | D:11     | Noticed a death yak
 10478 | D:11     | XOM: divination: detect items
 10579 | D:10     | XOM: cast spell 'Monstrous Menagerie'
 10579 | D:10     | XOM: butterfly on damage
 10782 | D:11     | Found a staircase to the Lair.
 10813 | D:11     | XOM: god gift: wand of clouds (5)
 10821 | D:11     | XOM: summons 5 hostile demons
 10923 | D:11     | XOM: destruction
 10993 | D:11     | XOM: polymorph crocodile -> golden eye
 11016 | D:11     | Noticed a cyclops
 11051 | D:11     | XOM: confuse monster(s)
 11065 | D:11     | XOM: confuse monster(s)
 11385 | D:12     | Noticed an orange crystal statue
 11465 | D:12     | Learned a level 1 spell: Animate Skeleton
 11480 | D:12     | XOM: fog
 11483 | D:12     | XOM: enchant monster (good)
 11516 | D:12     | XOM: confuse monster(s)
 11598 | D:12     | Noticed a manticore
 11605 | D:12     | XOM: enchant monster (bad)
 11606 | D:12     | Killed a manticore
 11610 | D:12     | XOM: summons 3 friendly demons
 11610 | D:12     | Reached skill level 12 in Conjurations
 11808 | D:12     | Noticed Sonja
 11826 | D:12     | Killed Sonja
 11834 | D:12     | XOM: confusion (+ monsters)
 12106 | D:12     | XOM: butterfly on damage
 12117 | D:12     | XOM: summons friendly crimson imp
 12282 | D:10     | Noticed a moth of wrath
 12289 | D:10     | Noticed Harold
 12292 | D:10     | Killed a moth of wrath
 12483 | D:5      | Killed Duvessa
 12491 | D:5      | Killed Dowan
 12532 | D:5      | Reached skill level 5 in Spellcasting
 12613 | D:6      | Killed Grinder
 12613 | D:6      | XOM: divine lightning
 12679 | D:6      | Killed Blork the orc
 12902 | D:7      | XOM: summons 7 friendly demons
 13047 | D:8      | XOM: divination: detect creatures
 13052 | D:8      | Killed Joseph
 13374 | D:10     | Noticed Josephine
 13389 | D:10     | Killed Josephine
 13395 | D:10     | XOM: summons friendly crimson imp
 13705 | D:10     | XOM: noise
 13708 | D:10     | XOM: fog
 13709 | D:10     | XOM: scenery: create altars
 13758 | D:10     | XOM: noise
 13762 | D:10     | XOM: confuse monster(s)
 13831 | D:10     | Found the +7 captain's cutlass {speed, disarm}
 13842 | D:10     | Got a jewelled glaive
 13844 | D:10     | Got a smoking ivory ring
 13845 | D:10     | Identified the ring "Rapeojat" {rPois Dex+3} (You found it
                  | on level 10 of the Dungeon)
 13855 | D:10     | Got a warped long sword
 13905 | D:10     | XOM: noise
 13950 | D:10     | XOM: medium Air miscast
 13968 | D:10     | Identified the cursed +0 long sword "Ujextax" {vamp, Dex+6}
                  | (You found it on level 10 of the Dungeon)
 14114 | D:11     | XOM: scenery: create altars
 14122 | D:11     | Reached skill level 1 in Short Blades
 14151 | D:11     | XOM: confuse monster(s)
 14252 | D:11     | Reached XP level 12. HP: 70/72 MP: 20/20
 14301 | D:11     | Found a staircase to the Orcish Mines.
 14327 | D:11     | XOM: medium Tloc miscast
 14568 | D:10     | XOM: stat loss: -1 Dex (18/19)
 14700 | D:11     | XOM: 2-stop teleportation journey
 14739 | Orc:1    | Entered Level 1 of the Orcish Mines
 14739 | Orc:1    | Found a roughly hewn altar of Beogh.
 14962 | Orc:1    | XOM: swap monsters
 15160 | D:4      | Bought a book of Power for 450 gold pieces
 15166 | D:4      | Learned a level 5 spell: Iskenderun's Battlesphere
 15312 | D:11     | XOM: medium Necr miscast
 15552 | D:12     | XOM: repel stairs
 15568 | D:12     | Reached skill level 1 in Charms
 15646 | D:12     | XOM: enchant monster (good)
 15679 | D:12     | XOM: scenery: 1 doors close
 15892 | D:12     | Reached skill level 13 in Conjurations
 15954 | D:13     | XOM: noise
 15954 | D:13     | Noticed a two-headed ogre
 15969 | D:12     | XOM: smoke on damage
 15972 | D:12     | Killed a two-headed ogre
 16193 | D:13     | XOM: scenery: 1 doors open
 16212 | D:13     | XOM: harmless Ice miscast
 16300 | D:13     | XOM: harmless Hex miscast
 16333 | D:13     | Noticed a two-headed ogre
 16340 | D:13     | XOM: silly message
 16345 | D:13     | XOM: potion effect (curing)
 16349 | D:13     | XOM: mild Erth miscast
 16358 | D:13     | XOM: divination: detect creatures
 16361 | D:13     | Killed a two-headed ogre
 16504 | D:13     | XOM: cast spell 'Ring of Flames'
 16509 | D:13     | Reached skill level 14 in Conjurations
 16518 | D:13     | XOM: harmless Pois miscast
 16546 | D:13     | XOM: noise
 16597 | D:13     | XOM: cleaving
 16756 | D:13     | XOM: cast spell 'Olgreb's Toxic Radiance'
 16931 | D:13     | XOM: 4-stop teleportation journey
 16959 | D:13     | Noticed a centaur warrior
 17014 | D:13     | Learned a level 6 spell: Iron Shot
 17049 | D:13     | XOM: god gift: 29 gold pieces
 17245 | D:11     | Noticed a death yak
 17253 | D:11     | XOM: smoke on damage
 17254 | D:11     | XOM: enchant monster (good)
 17462 | D:11     | XOM: confuse monster(s)
 17465 | D:11     | Killed a death yak
 17471 | D:11     | a death yak changed into a shapeshifter
 17471 | D:11     | XOM: polymorph death yak -> shapeshifter
 17503 | D:11     | Killed a death yak
 17503 | D:11     | Reached skill level 5 in Earth Magic
 17503 | D:11     | Reached XP level 13. HP: 77/77 MP: 22/22
 17820 | Lair:1   | Entered Level 1 of the Lair of Beasts
 17860 | Lair:1   | XOM: harmless Erth miscast
 17953 | Lair:1   | Upgraded the game from 0.24.0-3-g28a8eb0610 to
                  | 0.24.0-7-gb3623d2c88
 18162 | Lair:1   | XOM: give mutation
 18162 | Lair:1   | Gained mutation: You are occasionally teleported next to
                  | monsters. [Xom's mischief]
 18504 | Lair:2   | XOM: confusion
 18580 | Lair:2   | XOM: medium Pois miscast
 18773 | Lair:2   | Identified a scroll of acquirement
 18864 | Lair:2   | XOM: give mutation
 18864 | Lair:2   | Gained mutation: Your spells are a little easier to cast,
                  | but a little less powerful. [Xom's mischief]
 19324 | Lair:3   | XOM is BORED!
 19324 | Lair:3   | XOM: noise
 19462 | Lair:3   | XOM: mild Necr miscast
 19925 | Lair:3   | XOM: chaos cloud
 19946 | Lair:3   | XOM: give mutations
 19946 | Lair:3   | Gained mutation: Your body sometimes deteriorates upon
                  | taking damage. [Xom's mischief]
 19946 | Lair:3   | Gained mutation: Scrolls take you a little longer to read.
                  | [Xom's mischief]
 19947 | Lair:3   | Lost mutation: You expend magic power (3 MP) to strengthen
                  | your wands. [potion of mutation]
 19947 | Lair:3   | Lost mutation: You are resistant to hostile enchantments.
                  | (MR+) [potion of mutation]
 19947 | Lair:3   | Lost mutation: Your body sometimes deteriorates upon taking
                  | damage. [potion of mutation]
 19947 | Lair:3   | Gained mutation: You are sometimes teleported next to
                  | monsters. [potion of mutation]
 19947 | Lair:3   | Gained mutation: You are covered in fur. (AC +1) [potion of
                  | mutation]
 19947 | Lair:3   | Gained mutation: You are partially covered in slimy green
                  | scales. (AC +2) [potion of mutation]
 19947 | Lair:3   | Gained mutation: You are partially covered in molten
                  | scales. (AC +2) [potion of mutation]
 19963 | Lair:3   | Found a staircase to the Shoals.
 20009 | Lair:3   | Found a transporter.
 20010 | Lair:3   | Found a transporter.
 20010 | Lair:3   | Noticed Mandevil's ghost (journeyman DgFE)
 20166 | Lair:3   | Found a hole to the Spider Nest.
 20168 | Lair:3   | XOM: summons friendly white imp
 20515 | Lair:4   | XOM: noise
 20525 | Lair:4   | XOM: butterfly on damage
 20898 | Lair:4   | XOM: harmless Summ miscast
 20956 | Lair:4   | XOM: destruction
 21249 | Lair:5   | XOM: god gift: 31 gold pieces
 21381 | Lair:5   | Reached skill level 10 in Earth Magic
 21385 | Lair:5   | Reached XP level 14. HP: 83/83 MP: 7/26
 21543 | Lair:5   | XOM: fake destruction
 21545 | Lair:5   | XOM: summons friendly white imp
 21550 | Lair:5   | XOM: god gift: 23 stones
 21645 | Lair:5   | Noticed Snorg
 21771 | Lair:5   | Noticed Rupert
 21799 | Lair:5   | XOM: potion effect (magic)
 21804 | Lair:5   | XOM: potion effect (agility)
 21809 | Lair:5   | XOM: silly message
 21837 | Lair:5   | XOM: harmless Pois miscast
 21887 | Lair:6   | Entered Level 6 of the Lair of Beasts
 21896 | Lair:6   | Reached skill level 15 in Conjurations
 21907 | Lair:6   | Got a heavily runed lead ring
 21908 | Lair:6   | Identified the ring "Efoagg" {rPois rC+} (You found it on
                  | level 6 of the Lair of Beasts)
 21969 | Lair:6   | XOM: god gift: war axe {god gift}
 22019 | Lair:6   | XOM: 3-stop teleportation journey
 22114 | Lair:6   | XOM: harmless Ice miscast
 22176 | Lair:6   | Found a viscous altar of Jiyva.
 22177 | Lair:6   | Found a staircase to the Slime Pits.
 22208 | Lair:5   | XOM: harmless Air miscast
 22456 | Lair:6   | Found a dark tunnel.
 22593 | Lair:6   | XOM: mild Ice miscast
 22635 | Lair:6   | Got a crystal hunting sling
 22637 | Lair:6   | Identified the +4 hunting sling of Greatest Utility {flame,
                  | rC++ Int+4} (You found it on level 6 of the Lair of Beasts)
 22753 | Lair:6   | XOM: 1-stop teleportation journey
 22758 | Lair:6   | XOM: chaos cloud
 22761 | Lair:6   | XOM: polymorph komodo dragon -> tarantella
 22865 | Lair:6   | XOM: fog
 23105 | Lair:6   | Reached skill level 16 in Conjurations
 23224 | Lair:6   | Found a large runed translucent door.
 23241 | Lair:6   | XOM: scenery: create altars
 23243 | Lair:6   | XOM: enchant monster (bad)
 23245 | Lair:6   | XOM: summons friendly iron imp
 23247 | Lair:6   | HP: 2/83 [basilisk (3)]
 23248 | Lair:6   | Slain by a black mamba

Levels and vault maps discovered:
D:1:      psy_arrival_fountain, layout_rooms
D:2:      layout_rooms, minmay_increasing_density
D:3:      layout_basic, tgw_sif, uniq_crazy_yiuf_cottage
D:4:      cheibrodos_quashed, layout_loops_ring, nicolae_overflow_hidden_temple,
          serial_shops, shop
D:5:      layout_rooms, first_ration, fedhas_altar_1, uniq_duvessa
D:6:      layout_cave_pods, minmay_temple_entry_butterflies, uniq_grinder,
          uniq_blork_the_orc
D:7:      layout_rooms, gammafunk_temple_overflow_wave, enter_bailey_2,
          gammafunk_ghost_hive, minmay_fractal_squares_gapless_5
D:8:      layout_rooms, uniq_joseph
D:9:      layout_irregular_city, grunt_gozag_statues, uniq_psyche
D:10:     minmay_the_grid_octo_2x2 [minmay_the_grid_octo_clover,
          minmay_the_grid_octo_shrine, minmay_the_grid_octo_chip,
          minmay_the_grid_octo_prize_star], layout_irregular_city,
          serial_column_ruins, column_ruins_hut, column_ruins_corridor_straight,
          column_ruins_open_medium, column_ruins_grid_4,
          column_ruins_open_small, column_ruins_grid_1, uniq_harold,
          uniq_josephine
D:11:     layout_loops_ring, dpeg_lair_monsters, orc_0_dummy, st_stairs_5,
          blue_anna_alchemist [blue_anna_fruit_fields, blue_anna_fruit_fields],
          hive_lemuel
D:12:     layout_roguey, minmay_statue_bubble, uniq_sonja
D:13:     layout_irregular_city, kennysheep_generic_room_15
Temple:   dpeg_five_rooms_temple
Lair:1:   layout_gridlike, minmay_lair_oklob_chamber, grunt_megastairs_5,
          serial_bayou_shore_b
Lair:2:   beast_lair_carwin_large_3, layout_regular_city
Lair:3:   layout_regular_city, minmay_shoals_entry_beasts, spider_nest_entry_a,
          gammafunk_ghost_arena, hibernation_bobbens,
          infiniplex_staircase_pool_2
Lair:4:   layout_loops_ring, serial_bayou_lagoon_a, grunt_megastairs_3,
          lemuel_fruit_fields
Lair:5:   layout_regular_city, eino_small_chamber_without_monster, uniq_snorg,
          uniq_rupert
Lair:6:   cheibrodos_lair_end_hotspot, layout_misc_corridors, slime_altar_1,
          nicolae_volcano_entry_hallway, chequers_serial_rivers_room_a
Orc:1:    layout_caves, basic_altar

Skill      XL: |  1  2  3  4  5  6  7  8  9 10 11 12 13 14 |
---------------+-------------------------------------------+-----
Stealth        | 2 3 4 6 9 11 12 | 12.1
Shields        | 1 3 4 |  4.0
Dodging        | 3 5 6 7 |  7.1
Spellcasting   | 2 5 6 8 |  8.0
Conjurations   | 4 8 11 12 14 16 | 16.0
Fire Magic     | 1 |  1.6
Short Blades   | 2 3 |  3.1
Charms         | 2 |  2.8
Earth Magic    | 5 10 | 10.0
Fighting       | |  3.0
Polearms       | |  3.0

Action                   |  1- 3 |  4- 6 |  7- 9 | 10-12 | 13-15 || total
-------------------------+-------+-------+-------+-------+-------++-------
Melee: Spear             |    86 |   164 |   153 |       |       ||   403
       Constrict         |    15 |    22 |    51 |    68 |     7 ||   163
       Tentacles         |    12 |    15 |    60 |    92 |    14 ||   193
       Flail             |       |       |    17 |       |       ||    17
       Staff             |       |       |    72 |    90 |    34 ||   196
       Trident           |       |       |    36 |   282 |     8 ||   326
       Dagger            |       |       |       |   116 |       ||   116
       Cutlass           |       |       |       |    24 |    24 ||    48
Throw: Stone             |       |     3 |     4 |       |       ||     7
       Boomerang         |       |    18 |    10 |       |       ||    28
       Dart              |       |       |     1 |     2 |       ||     3
 Cast: Magic Dart        |       |       |   185 |   467 |   314 ||   966
       Conjure Flame     |       |       |    21 |    99 |    13 ||   133
       Mephitic Cloud    |       |       |     7 |    12 |     1 ||    20
       Blink             |       |       |     3 |    14 |     9 ||    26
       Call Imp          |       |       |     2 |       |     2 ||     4
       Iskenderun's Batt |       |       |       |    26 |    91 ||   117
       Iron Shot         |       |       |       |     1 |    69 ||    70
Evoke: Wand              |       |       |       |       |     2 ||     2
       Lamp of fire      |       |       |       |       |     1 ||     1
  Use: Scroll            |     2 |     4 |     4 |    11 |     7 ||    28
       Potion            |       |     4 |     3 |     2 |     6 ||    15
 Stab: Sleeping          |    16 |    14 |     8 |    14 |       ||    52
       Distracted        |     1 |       |     1 |       |       ||     2
       Confused          |       |     1 |     4 |     3 |       ||     8
       Paralysed         |       |     1 |       |     1 |       ||     2
  Eat: Chunk             |       |     7 |    13 |    37 |    64 ||   121
       Ration            |       |     1 |     2 |     4 |     3 ||    10
Armor: Skin              |     2 |     5 |    26 |    37 |    22 ||    92
Dodge: Dodged            |    18 |    42 |    92 |   296 |    70 ||   518
Block: Buckler           |     4 |    21 |    63 |   173 |    49 ||   310
       Reflection        |     1 |       |     1 |    18 |     1 ||    21
       Other             |     1 |       |       |       |       ||     1
